cohdb
Replays
Latest Replays
All Replays
Popular Replays
Top Player Replays
Match Explorer
How It Works
Community
CoH3 Stats
Reddit
Sign in to upload your games and track your stats! →
Sign in with Steam
Fast Paced Epic 3v3
Match 18391299
Overview
Messages
Build Orders
End
Construct Barracks
Selects Armored Battlegroup
Selects Veteran Crews
Selects Fast Deploy
1⁄4-ton 4x4 Truck
M1 Mortar Team
Riflemen Squad
Infantry Support Center
M1 Mortar Team
Construct Motor Pool
Grenade Package
M1 Anti-tank Gun Team
M24 Chaffee Light Tank
Riflemen Squad
M1918 Browning Automatic Rifles
Selects Field Repairs
Selects War Machine
M1 Anti-tank Gun Team
Construct Medical Station
Riflemen Squad
M24 Chaffee Light Tank
M24 Chaffee Light Tank
Selects Seek and Destroy
Seek and Destroy
M24 Chaffee Light Tank
Engineer Squad
Munitions Surplus
Seek and Destroy
Selects M4A3E8 Sherman Combat Group
M4A3E8 Sherman Combat Group
M4A3E8 Sherman Combat Group
[EPIC]SAGEKING
Hoon
NaDa
The 2D Waifu Trafficker
BAREBUH
The Whistler
0
0
Comments
sign in to comment!
No comments posted yet!